Map: Путь на Айур РВ

Players

Colt - Winner!

  • Race: Protoss Protoss
  • League: Silver
  • Spawn Location: 11:00

ИИ 1 (мастер)

  • Race: Terran Terran
  • Spawn Location: 5:00

VOD

Have the link to the VOD?

Description

Time

  • Played on: Sept. 15, 2017, 5:59 p.m.
  • Length: 13:52
Show
View Real Time Build Order
Export as new Build Order

Colt Protoss - Winner!

Build Orders: 1 Gate Expand 

Get SALT Encoding   

  12  0:03  Probe (Chrono Boost)  
  13  0:17  Pylon  
  14  0:22  Probe (Chrono Boost)  
  14  0:34  Probe (Chrono Boost)  
  14  0:35  Assimilator  
  15  0:49  Gateway  
  15  0:54  Probe (Chrono Boost)  
  16  1:07  Probe (Chrono Boost)  
  17  1:25  Nexus  
  17  1:36  Cybernetics Core  
  18  1:41  Probe (Chrono Boost)  
  18  1:42  Assimilator  
  18  1:53  Probe (Chrono Boost)  
  19  1:59  Pylon  
  19  2:05  Probe (Chrono Boost)  
  20  2:12  Warp Gate  
  20  2:13  Stalker  
  22  2:18  Probe (Chrono Boost)  
  23  2:29  Pylon  
  23  2:39  Robotics Facility  
  23  2:44  Probe (Chrono Boost)  
  24  2:55  Probe (Chrono Boost)  
  26  2:59  Probe (Chrono Boost), Stalker  
  28  3:08  Probe (Chrono Boost)  
  29  3:15  Gateway  
  31  3:21  Probe x2 (Chrono Boost)  
  31  3:26  Observer  
  32  3:34  Gateway  
  32  3:37  Probe x2 (Chrono Boost)  
  32  3:39  Stalker  
  36  3:54  Forge  
  36  4:00  Probe x2 (Chrono Boost)  
  38  4:08  Twilight Council  
  38  4:11  Observer  
  38  4:15  Resonating Glaives  
  39  4:19  Pylon  
  41  4:25  Probe x2 (Chrono Boost)  
  41  4:26  Sentry  
  41  4:27  Sentry, Stalker  
  47  4:33  Assimilator  
  47  4:37  Probe x2 (Chrono Boost)  
  47  4:38  Pylon  
  49  4:47  Protoss Ground Weapons Level 1  
  49  4:49  Probe x2 (Chrono Boost)  
  51  4:55  Immortal  
  55  5:05  Assimilator  
  57  5:08  Probe x2 (Chrono Boost)  
  57  5:20  Probe (Chrono Boost)  
  57  5:21  Probe (Chrono Boost)  
  59  5:27  Adept x3  
  65  5:45  Probe x2 (Chrono Boost)  
  67  5:53  Adept  
  69  5:57  Pylon  
  69  6:05  Photon Cannon  
  69  6:06  Photon Cannon  
  69  6:09  Charge  
  69  6:18  Pylon  
  69  6:20  Pylon  
  69  6:23  Pylon  
  73  6:25  Pylon, Immortal  
  75  6:33  Probe (Chrono Boost)  
  75  6:34  Probe (Chrono Boost)  
  75  6:43  Adept x2  
  75  6:45  Protoss Ground Weapons Level 2  
  79  6:52  Templar Archives  
  79  7:10  Immortal  
  83  7:16  Zealot  
  83  7:17  Zealot x2  
  89  7:23  Gateway x2  
  89  7:25  Gateway, Stargate  
  89  7:27  Stargate  
  89  7:42  High Templar  
  89  7:43  High Templar  
  93  7:45  Zealot  
  93  7:47  Nexus  
  95  7:59  Psionic Storm  
  95  8:04  Archon  
  95  8:10  Zealot  
  97  8:19  Zealot  
  99  8:20  Zealot  
  99  8:25  Immortal  
  105  8:31  High Templar x2  
  109  8:41  Pylon  
  109  8:42  Pylon  
  109  8:43  Pylon  
  109  8:51  Pylon  
  109  8:52  Pylon  
  109  8:55  Pylon  
  109  8:59  Protoss Shields Level 1  
  109  9:08  Blink, Robotics Facility  
  110  9:17  Observer  
  110  9:21  Adept  
  110  9:22  Adept x2  
  110  9:23  Adept  
  118  9:30  Archon  
  118  9:33  Phoenix  
  103  10:04  Warp Prism  
  85  11:52  Adept x3  
  85  11:53  Sentry x2  
  95  11:59  High Templar  
  97  12:13  Adept x2  
  101  12:15  Sentry  
  101  12:19  High Templar x2  
  107  12:24  Archon  
  107  12:38  High Templar x4  
  115  12:51  Phoenix  
  115  12:52  Phoenix  
  115  12:57  Archon x2  
  119  12:59  Zealot  
  119  13:00  Zealot  
Show
View Real Time Build Order
Export as new Build Order

ИИ 1 (мастер) Terran 

Build Orders: Mech 

Get SALT Encoding   

  12  0:00  SCV  
  13  0:13  SCV  
  14  0:19  Supply Depot  
  14  0:25  SCV  
  15  0:41  SCV  
  16  0:43  Barracks  
  16  0:53  SCV  
  17  1:05  SCV  
  18  1:17  SCV  
  19  1:19  Supply Depot  
  19  1:23  Refinery  
  19  1:29  Marine, SCV  
  21  1:41  SCV  
  22  1:47  Marine  
  22  1:49  Refinery  
  22  1:53  SCV  
  24  2:05  Marine, SCV  
  26  2:17  SCV  
  26  2:21  Factory  
  27  2:23  Marine  
  27  2:29  SCV  
  29  2:39  Factory  
  29  2:40  Marine  
  29  2:42  SCV  
  29  2:43  Supply Depot  
  31  2:54  Orbital Command  
  31  3:04  Marine  
  32  3:06  Factory Tech Lab  
  32  3:19  SCV  
  33  3:22  Marine, Factory Tech Lab, Command Center  
  34  3:31  SCV  
  35  3:43  SCV  
  36  3:55  SCV  
  37  4:05  Barracks  
  37  4:08  SCV  
  38  4:12  Supply Depot  
  38  4:20  SCV  
  39  4:34  SCV x2, Siege Tank x2  
  39  4:37  Supply Depot  
  39  4:38  Marine  
  48  4:46  SCV x2  
  48  4:48  Supply Depot  
  50  4:58  SCV x2  
  52  5:06  Siege Tank x2  
  58  5:10  SCV x2  
  58  5:11  Supply Depot  
  60  5:17  Marine, Armory  
  61  5:22  SCV x2  
  63  5:34  SCV  
  63  5:35  SCV  
  65  5:38  Supply Depot, Siege Tank  
  65  5:40  Marine  
  69  5:45  Hellion  
  69  5:47  SCV x2  
  73  6:00  Orbital Command  
  73  6:01  Barracks Tech Lab  
  73  6:05  Factory  
  73  6:06  Hellion  
  73  6:10  Siege Tank  
  78  6:16  Command Center  
  78  6:27  Infernal Pre-Igniter  
  78  6:28  Hellion  
  80  6:43  Hellion  
  82  6:49  Hellion  
  82  6:50  Supply Depot, Hellion  
  86  7:03  Thor  
  92  7:14  Supply Depot  
  92  7:33  Thor  
  92  7:35  Refinery  
  98  7:42  Refinery  
  98  7:51  Orbital Command  
  98  7:52  Terran Vehicle Weapons Level 1  
  98  7:59  Engineering Bay  
  98  8:20  Factory Tech Lab, Armory  
  98  8:29  Missile Turret  
  98  8:30  Missile Turret, Siege Tank  
  101  8:42  Siege Tank  
  104  8:50  Missile Turret  
  104  9:00  Thor  
  104  9:02  Barracks  
  110  9:07  Terran Vehicle And Ship Armor Level 1  
  110  9:09  Command Center  
  110  9:10  Missile Turret  
  110  9:19  Thor  
  110  9:20  Widow Mine  
  110  9:22  Supply Depot  
  118  9:29  Missile Turret  
  118  9:34  Marine x2  
  114  9:43  Widow Mine  
  114  9:45  Starport  
  90  9:49  Marine  
  90  9:50  Hellion  
  90  9:52  Marine x2  
  75  10:02  Hellion  
  77  10:07  Marine  
  77  10:10  Marine x2  
  77  10:11  Siege Tank  
  77  10:12  Hellion  
  85  10:22  SCV  
  85  10:23  Medivac, SCV  
  85  10:24  Marine, Hellion  
  85  10:25  SCV  
  85  10:27  SCV  
  85  10:28  Marine, Marauder  
  96  10:33  Siege Tank  
  96  10:34  SCV  
  95  10:37  SCV  
  95  10:38  SCV  
  95  10:40  SCV  
  95  10:43  Hellion  
  95  10:45  Marine  
  95  10:47  SCV  
  95  10:49  Marine, Hellion  
  74  10:50  SCV  
  74  10:52  SCV  
  74  10:53  SCV  
  66  10:59  SCV  
  66  11:02  SCV  
  66  11:03  Marine  
  66  11:04  Siege Tank, SCV  
  63  11:05  Hellion  
  63  11:07  Marine  
  63  11:08  SCV  
  68  11:14  SCV  
  68  11:16  SCV  
  57  11:20  SCV  
  57  11:21  Marine  
  43  11:26  SCV  
  33  11:46  Marine  
  32  11:59  Hellion  
  29  12:03  Marine, SCV  
  29  12:08  Hellion  
  22  12:15  SCV  
  22  12:16  Command Center  
  22  12:21  Marine  
  24  12:27  SCV  
  20  12:40  SCV  
  21  12:48  Barracks  
  20  12:52  SCV  
  21  13:00  Supply Depot  
  21  13:07  Supply Depot  
  19  13:34  SCV  
Tags
 
Composition
Mech
League
Silver
Matchup
ПvТ
Spawn Locations
Cross Positions
Add a new tag
Caveats
  • Supply blocks, unpowered buildings, or Contaminate may cause inaccurate times.
  • Supply counts are checked every 10 seconds.